 Dungeon Crawl Stone Soup version 0.30.0-19-g36f170ea60 (webtiles) character file.

Game seed: 14867503309017253377

86 Peloso the Shield-Bearer (level 4, -2/61 HPs)
             Began as a Minotaur Fighter on June 1, 2023.
             Slain by Grinder (5 damage)
             ... on level 3 of the Dungeon.
             The game lasted 00:03:46 (1648 turns).

Peloso the Shield-Bearer (Minotaur Fighter)         Turns: 1648, Time: 00:03:47

Health: -2/61      AC: 22    Str: 18 (20) XL:     4   Next: 26%
Magic:  3/3        EV:  2    Int:  2 (5)  God:
Gold:   141        SH:  4    Dex:  9 (12) Spells: 3/3 levels left

rFire   . . .        a - +0 long sword
rCold   . . .        d - +0 buckler
rNeg    . . .        r - melded +0 scale mail
rPois   +            (helmet currently unavailable)
rElec   .            (cloak currently unavailable)
rCorr   .            c - melded +0 pair of gloves
SInv    .            n - melded +1 pair of boots
Will    .....        (no amulet)
Stlth   +            (no ring)
HPRegen 0.30/turn    (no ring)
MPRegen 0.08/turn

%: no passive effects
@: tree-form
A: stationary, stasis, torment immunity, boosted hp, (horns 2), (retaliatory
headbutt), (cold resistance 1), noise suppression
a: no special abilities


You were on level 3 of the Dungeon.
You were a tree.
You visited 1 branch of the dungeon, and saw 3 of its levels.

You collected 141 gold pieces.

Inventory:

Hand Weapons
 a - a +0 long sword (weapon)
Armour
 c - a +0 pair of gloves (melded)
 d - a +0 buckler (worn)
 n - a +1 pair of boots (melded)
 r - a +0 scale mail (melded)
Magical Staves
 b - a staff of fire
Scrolls
 e - 2 scrolls of fear {unknown}
 h - a scroll of fog
 m - 2 scrolls of enchant armour {unknown}
 o - 2 scrolls of teleportation {unknown}
 p - a scroll of identify {unknown}
Potions
 f - 2 potions of mutation
 g - a potion of lignification
 i - a potion of berserk rage {unknown}
 j - a potion of haste {unknown}
 k - a potion of attraction {unknown}
 l - a potion of might
 q - a potion of degeneration


   Skills:
 + Level 4.4 Fighting
 + Level 3.0 Long Blades
 + Level 4.4 Armour
 + Level 0.2 Dodging
 + Level 4.6 Shields


You had 3 spell levels left.
You didn't know any spells.
Your spell library contained the following spells:

 Spells                   Type           Power      Damage    Failure   Level
 Ensorcelled Hibernation  Hex/Ice        0%         N/A       77%         2
 Passwall                 Tmut/Erth      0%         N/A       77%         2
 Swiftness                Air            0%         N/A       94%         3


Dungeon Overview and Level Annotations

Branches:
Dungeon (3/15)

Altars:

Annotations:
D:3 Grinder


Innate Abilities, Weirdness & Mutations

You are a tree.
Your roots penetrate the ground, keeping you stationary.
You cannot be teleported.
You are immune to unholy pain and torment.
Your maximum health is greatly increased.
Your equipment is partially melded.
((You have a pair of horns on your head.))
((You reflexively headbutt those who attack you in melee.))
((Your flesh is cold resistant. (rC+)))
You passively dampen the noise of your surroundings.


Message History

The hobgoblin barely misses you.
Unknown command.
You hit the hobgoblin.
You kill the hobgoblin!
Unknown command.
You closely miss Grinder.
Grinder is heavily wounded.
Grinder hits you but does no damage. Grinder hits you.
* * * LOW HITPOINT WARNING * * *
You writhe in agony.
* * * LOW HITPOINT WARNING * * *
Unknown command.
You hit Grinder.
Grinder is severely wounded.
Grinder hits you but does no damage.
Unknown command.
You hit Grinder but do no damage.
Grinder is severely wounded.
Grinder hits you but does no damage.
Unknown command.
You hit Grinder.
Grinder is severely wounded.
Grinder hits you but does no damage. x2
You completely miss Grinder.
Grinder is severely wounded.
Grinder hits you but does no damage.
You barely miss Grinder.
Grinder is severely wounded.
Grinder says, "Just stop there for a second..."
Grinder hits you.
* * * LOW HITPOINT WARNING * * *
You writhe in agony.
* * * LOW HITPOINT WARNING * * *
You closely miss Grinder.
Grinder is severely wounded.
Grinder hits you but does no damage.
You hit Grinder but do no damage.
Grinder is severely wounded.
Grinder hits you.
You die...

.. #......# #
...#......#.#
....#......#.###
..#............
.............#
............#
#..........#
#....5♣....#
#..........#
#..........##
#.............
#...#<...^.##.
#..........#
......#......#
#.###.#......# #
. .......#


You could see Grinder.

Vanquished Creatures
  3 gnolls (D:2)
  An adder (D:2)
  A dart slug (D:2)
  4 bats
  8 endoplasms
  A giant cockroach (D:2)
  2 goblins
  8 hobgoblins
  A kobold (D:1)
  2 quokkas
  4 ball pythons
  2 frilled lizards (D:2)
  4 rats
41 creatures vanquished.

Notes
Turn   | Place    | Note
-------+----------+-------------------------------------------
     0 | D:1      | Peloso the Minotaur Fighter began the quest for the Orb.
     0 | D:1      | Reached XP level 1. HP: 19/19 MP: 0/0
   115 | D:1      | Reached XP level 2. HP: 27/27 MP: 1/1
   688 | D:1      | Gained mutation: Your flesh is cold resistant. (rC+)
                  | [potion of mutation]
   688 | D:1      | Gained mutation: You passively dampen the noise of your
                  | surroundings. [potion of mutation]
   745 | D:2      | Reached XP level 3. HP: 31/33 MP: 2/2
  1343 | D:3      | Noticed Grinder
  1550 | D:2      | Reached XP level 4. HP: 34/41 MP: 3/3
  1632 | D:3      | Paralysed by Grinder for 2 turns
  1646 | D:3      | HP: 3/61 [Grinder (5)]
  1648 | D:3      | Slain by Grinder

Illustrated notes

Levels and vault maps discovered:
D:1:      amcnicky_arrival_blooded_trapdoor, layout_loops_ring
D:2:      layout_basic
D:3:      layout_basic, lemuel_round_altar, uniq_grinder, uniq_sigmund

Skill      XL: |  1  2  3  4 |
---------------+-------------+-----
Shields        | 4 |  4.6
Fighting       | 4 |  4.4
Armour         | 4 |  4.4
Long Blades    | 3 |  3.0
Dodging        | |  0.2

Action                     |  1- 3 |  4- 6 || total
---------------------------+-------+-------++-------
  Melee: Long sword        |   111 |    22 ||   133
         Headbutt          |     9 |       ||     9
    Use: Potion            |     1 |     2 ||     3
         Scroll            |     1 |       ||     1
 Armour: Scale mail        |    67 |     2 ||    69
         Skin              |       |    15 ||    15
  Dodge: Dodged            |    60 |     3 ||    63
  Block: Buckler           |    43 |     3 ||    46
